 Dungeon Crawl Stone Soup version 0.21-a0-55-gb612c23 (webtiles) character file.

259 xgamer67 the Skirmisher (level 6, -8/56 HPs)
             Began as a Hill Orc Wanderer on June 14, 2017.
             Was an Initiate of Kikubaaqudgha.
             Killed by divine providence
             ... invoked by an orc priest
              (16 damage)
             ... on level 4 of the Dungeon.
             The game lasted 00:07:50 (2510 turns).

xgamer67 the Skirmisher (Hill Orc Wanderer)         Turns: 2510, Time: 00:07:51

Health: -8/56      AC:  9    Str: 16    XL:     6   Next: 17%
Magic:  7/7        EV:  9    Int: 17    God:    Kikubaaqudgha [......]
Gold:   105        SH:  5    Dex: 11    Spells: 7/7 levels left

rFire    . . .     SeeInvis .   q - +1 short sword (venom)
rCold    . . .     Gourm    .   c - +0 buckler
rNeg     . . .     Faith    .   g - +2 scale mail
rPois    .         Spirit   .   (no helmet)
rElec    .         Reflect  .   m - +0 cloak
rCorr    .         Harm     .   (no gloves)
MR       .....                  (no boots)
Stlth    ..........             i - amulet of rage
HPRegen  0.18/turn              (no ring)
MPRegen  0.10/turn              (no ring)

@: brilliant, hasted, very quick
A: no striking features
a: Renounce Religion, Convert to Beogh, Evoke Berserk Rage


You were on level 4 of the Dungeon.
You worshipped Kikubaaqudgha.
Kikubaaqudgha was noncommittal.
You were not hungry.

You visited 1 branch of the dungeon, and saw 4 of its levels.

You collected 105 gold pieces.

Inventory:

Hand Weapons
 a - a +1 dagger of venom
 d - a +0 club
 q - a +1 short sword of venom (weapon)
 r - a +2 dagger of speed
 u - a +0 mace
Missiles
 j - 67 stones (quivered)
Armour
 c - a +0 buckler (worn)
 g - a +2 scale mail (worn)
 m - a +0 cloak (worn)
Jewellery
 i - an amulet of rage (around neck)
Scrolls
 n - a scroll of magic mapping
 o - a scroll of amnesia {unknown}
 p - 2 scrolls of teleportation
Potions
 l - a potion of resistance
Books
 b - the Collected Works on Air

   Spells                             Type                      Level
   a - Shock                          Conjuration/Air              1
   b - Static Discharge               Conjuration/Air              3
Comestibles
 f - 3 bread rations
 h - 3 royal jellies
 k - a meat ration


   Skills:
 + Level 5.3 Fighting
   Level 1.3 Axes
 - Level 1.1 Armour
 + Level 4.4 Shields
 - Level 1.0 Spellcasting
   Level 2.1 Fire Magic
   Level 1.7 Ice Magic
 - Level 1.0 Evocations


You had 7 spell levels left.
You didn't know any spells.

Dungeon Overview and Level Annotations

Branches:
Dungeon (4/15)
 Temple: D:4-7

Altars:
Kikubaaqudgha


Message History

The orc priest invokes the aid of Beogh against you.
Pain shoots through your body!
You hear some strange, mumbled words.
A puff of flame appears from out of thin air!
The puff of flame hits you!
The orc priest hits you but does no damage.
It was a potion of brilliance.
You feel clever all of a sudden.
You feel less confused. Something hits you but does no damage.
You feel yourself speed up.
The orc priest casts a cantrip, but nothing happens.
The orc priest invokes the aid of Beogh against you.
Beogh smites you!
The orc priest mumbles some strange prayers to Beogh against you.
Pain shoots through your body!
* * * LOW HITPOINT WARNING * * *
The orc priest invokes the aid of Beogh against you.
Beogh smites you!
You die...
Kikubaaqudgha rasps: "You have failed me!
Welcome... death!"

..............#
..............#
................#
#.................#
#......#######....#
#......##...##....#
#.........).o.....#
#........(..o.....#
#.........@.o.....#
#.................#
#.................#
#......##...##....#
####......##...##....#
.....................#
.....................#
..........##...##....#
..##......##+####....


You could see 2 orc priests and an orc.

Vanquished Creatures
  A phantom (D:4)
  An orc wizard (D:4)
  An iguana (D:4)
  A worker ant (D:4)
  3 adders
  An adder skeleton (D:4)
  2 dart slugs (D:2)
  2 leopard geckos
  An orc (D:3)
  A bat (D:2)
  4 giant cockroaches
  4 goblins
  6 hobgoblins
  8 jackals
  7 kobolds
  A quokka (D:3)
  7 frilled lizards
  6 rats
57 creatures vanquished.

Notes
Turn   | Place    | Note
-------+----------+-------------------------------------------
     0 | D:1      | xgamer67 the Hill Orc Wanderer began the quest for the Orb.
     0 | D:1      | xgamer67 set off with: a +2 scale mail, the Collected Works on Air, a +0 buckler, a +0 club, a bread ration
     0 | D:1      | Reached XP level 1. HP: 16/16 MP: 2/2
     0 | D:1      | Identified the Collected Works on Air
    29 | D:1      | Reached skill level 2 in Fighting
   144 | D:1      | Reached XP level 2. HP: 19/25 MP: 3/3
   775 | D:2      | Reached XP level 3. HP: 21/30 MP: 4/4
   878 | D:2      | Reached skill level 3 in Fighting
  1172 | D:2      | Found a faded altar of an unknown god.
  1203 | D:2      | Reached XP level 4. HP: 35/38 MP: 5/5
  2111 | D:4      | Reached skill level 4 in Fighting
  2111 | D:4      | Reached XP level 5. HP: 36/46 MP: 6/6
  2192 | D:4      | Found an ancient bone altar of Kikubaaqudgha.
  2198 | D:4      | Became a worshipper of Kikubaaqudgha
  2244 | D:4      | Noticed a phantom
  2337 | D:4      | Killed a phantom
  2337 | D:4      | Reached skill level 5 in Fighting
  2337 | D:4      | Reached XP level 6. HP: 34/56 MP: 7/7
  2510 | D:4      | Killed from afar by an orc priest

Vault maps used:
D:1:      sevenhm_arrival_forest_fort_small_6, nrook_mini_vaults, st_stairs_12
D:2:      chequers_ecumenical_altar_simple_redux
D:4:      overflow_temple_1_default, minmay_temple_entry_mist, first_bread

Skill      XL: |  1  2  3  4  5 |
---------------+----------------+-----
Fighting       | 2 3 4 5 |  5.3
Shields        | 2 3 4 |  4.4
Axes           | |  1.3
Armour         | |  1.1
Spellcasting   | |  1.0
Fire Magic     | |  2.1
Ice Magic      | |  1.7
Evocations     | |  1.0

Action                   |  1- 3 |  4- 6 || total
-------------------------+-------+-------++-------
Melee: Club              |    11 |       ||    11
       Dagger            |   153 |    79 ||   232
       Short sword       |       |    46 ||    46
Throw: Stone             |       |     6 ||     6
  Use: Scroll            |     3 |     4 ||     7
       Potion            |       |     2 ||     2
  Eat: Chunk             |     1 |     4 ||     5
Armor: Scale mail        |    50 |    55 ||   105
Dodge: Dodged            |    45 |    43 ||    88
Block: Buckler           |    14 |    24 ||    38
